 Dungeon Crawl Stone Soup version 0.26-a0-1161-g0398aca569 (webtiles) character file.

Game seed: 6922718547295440472

542 Anathary the Covert (level 7, -1/35 HPs)
             Began as a Spriggan Brigand on Dec 28, 2020.
             Was an Initiate of Dithmenos.
             Killed from afar by Morbidden's ghost (5 damage)
             ... with a magic dart
             ... on level 4 of the Dungeon.
             The game lasted 00:26:53 (5226 turns).

Anathary the Covert (Spriggan Brigand)              Turns: 5226, Time: 00:26:54

Health: -1/35      AC:  7    Str:  7    XL:     7   Next: 6%
Magic:  8/8        EV: 20    Int: 12    God:    Dithmenos [......]
Gold:   200        SH:  0    Dex: 20    Spells: 6/6 levels left

rFire    . . .     SeeInvis +   x - +0 dagger (venom)
rCold    + . .     Faith    .   (shield restricted)
rNeg     . . .     Spirit   .   b - +0 robe
rPois    .         Reflect  .   (helmet restricted)
rElec    .         Harm     .   c - +0 cloak
rCorr    .         Rampage  .   (gloves unavailable)
Will     +....                  (boots unavailable)
Stlth    +++++.....             (no amulet)
HPRegen  0.11/turn              i - +4 ring of protection
MPRegen  0.11/turn              A - ring of protection from cold

@: very quick
A: very small, unfitting armour, see invisible, speed 3
a: Renounce Religion


You were on level 4 of the Dungeon.
You worshipped Dithmenos.
Dithmenos was noncommittal.
You visited 2 branches of the dungeon, and saw 5 of its levels.
You also visited: Sewer.

You collected 200 gold pieces.

Inventory:

Hand Weapons
 a - a +2 dagger
 x - a +0 dagger of venom (weapon)
Missiles
 d - 15 poisoned darts (quivered)
 e - 2 curare-tipped darts
Armour
 b - a +0 robe (worn)
 c - a +0 cloak (worn)
Jewellery
 i - a +4 ring of protection (left hand)
 A - a ring of protection from cold (right hand)
Wands
 w - a wand of flame (14)
Scrolls
 g - 4 scrolls of amnesia {unknown}
 h - a scroll of remove curse {unknown}
 l - 5 scrolls of enchant armour {unknown}
 o - a scroll of magic mapping {unknown}
 p - a scroll of random uselessness {unknown}
 q - 2 scrolls of identify {unknown}
 r - 3 scrolls of immolation {unknown}
 u - 3 scrolls of torment {unknown}
 v - 4 scrolls of teleportation {unknown}
 y - a scroll of fear {unknown}
Potions
 f - 7 potions of curing {unknown}
 j - 2 potions of attraction {unknown}
 k - a potion of berserk rage {unknown}
 m - a potion of brilliance {unknown}
 n - 3 potions of degeneration {unknown}
 s - a potion of heal wounds {unknown}
 t - 2 potions of flight {unknown}
 z - 2 potions of resistance {unknown}


   Skills:
 + Level 2.4 Fighting
 + Level 5.2 Short Blades
 - Level 2.2 Throwing
 + Level 3.9 Dodging
 + Level 9.5 Stealth


You had 6 spell levels left.
You didn't know any spells.
Your spell library contained the following spells:

 Spells                   Type           Power        Failure   Level
 Corona                   Hex            0%           32%         1
 Slow                     Hex            0%           45%         2
 Confusing Touch          Hex            0%           69%         3
 Gell's Gravitas          Tloc           0%           69%         3
 Inner Flame              Hex/Fire       0%           69%         3
 Portal Projectile        Hex/Tloc       0%           69%         3
 Cause Fear               Hex            0%           97%         4
 Leda's Liquefaction      Hex/Erth       0%           97%         4
 Petrify                  Tmut/Erth      0%           97%         4
 Metabolic Englaciation   Hex/Ice        0%           100%        5
 Yara's Violent Unravell  Hex/Tmut       0%           100%        5


Dungeon Overview and Level Annotations

Branches:
Dungeon (4/15)             Temple (1/1) D:4           Sewer (visited)

Altars:
Ashenzari
Dithmenos
Fedhas
Gozag
Hepliaklqana
Kikubaaqudgha
Makhleb
Nemelex Xobeh
Okawaru
Qazlal
Ru
Sif Muna
Vehumet
Xom
Yredelemnul
Zin
The Shining One

Annotations:
D:3 1 runed translucent door, Gargoyl's ghost, amateur GnAK
D:4 Morbidden's ghost, amateur DrCj


Innate Abilities, Weirdness & Mutations

You are very small and have problems with some larger weapons.
You are too small for most types of armour.
You have supernaturally acute eyesight. (SInv)
You cover ground extremely quickly.


Message History

You barely miss Morbidden's ghost.
Morbidden's ghost is lightly damaged.
Morbidden's ghost points at you and mumbles some strange words.
The magic dart hits you.
* * * LOW HITPOINT WARNING * * *
You hit Morbidden's ghost.
Morbidden's ghost is lightly damaged.
You hit Morbidden's ghost but do no damage.
Morbidden's ghost is lightly damaged.
Morbidden's ghost closely misses you.
You hit Morbidden's ghost but do no damage.
Morbidden's ghost is lightly damaged.
Morbidden's ghost completely misses you.
You hit Morbidden's ghost.
Morbidden's ghost is lightly damaged.
You hit Morbidden's ghost.
Morbidden's ghost is lightly damaged.
Morbidden's ghost casts a spell at you. The magic dart hits you.
You die...

#.#####........# #<#.........
#.##.........####### ##.....#...#
#.##.##...#..###.#.#####.##.#...#
.........###.#.#≈.)..###.##....##
##.#.##.## ####.....#≈##.#####.#
#.#.#.## ##.≈#≈⌠≈.##.#####.#
#.#.##.## ###..≈..≈≈# #.......#
##.#.....###.####W'#############
#.#.#####.#.###.@.....####
.###....##..# ###........# ##
##.#.###.### ##.##.##.#
.###.##.#..>..# #.##.##.#
#.#..##.#.....# #.##..#.#
##.#.##.#....^# #.##....#
#.#.##.#.....# #.#.###.##
#......#.....# #..# ##.##
###.########## #.# ##.#


You could see Morbidden's ghost.

Vanquished Creatures
  Purgy (Sewer)
  A howler monkey (D:4)
  A bullfrog skeleton (D:3)
  2 hounds (D:4)
  Jessica (D:3)
  Terence (D:3)
  2 orc wizards
  3 gnolls (D:3)
  7 adders
  An ooze (D:2)
  An adder skeleton (D:2)
  3 worms
  3 dart slugs (D:1)
  7 leopard geckos
  8 orcs
  7 giant cockroaches
  5 goblins
  12 hobgoblins
  2 jackals (Sewer)
  A ball python (D:4)
  7 bats
  6 frilled lizards
  8 kobolds
  9 rats
  2 rat zombies (D:2)
101 creatures vanquished.

Notes
Turn   | Place    | Note
-------+----------+-------------------------------------------
     0 | D:1      | Anathary the Spriggan Brigand began the quest for the Orb.
     0 | D:1      | Reached XP level 1. HP: 10/10 MP: 2/2
    42 | D:1      | Reached skill level 6 in Stealth
   235 | D:1      | Reached XP level 2. HP: 14/14 MP: 3/3
   953 | D:2      | Reached XP level 3. HP: 1/18 MP: 4/4
  1384 | D:2      | Reached skill level 7 in Stealth
  1752 | D:2      | Reached XP level 4. HP: 18/23 MP: 5/5
  2319 | D:2      | Found an ancient bone altar of Kikubaaqudgha.
  2856 | D:3      | Noticed Gargoyl's ghost (amateur GnAK)
  2859 | D:3      | Found a runed translucent door.
  2877 | D:3      | Found a stormy altar of Qazlal.
  2972 | D:3      | Noticed Terence
  3005 | D:3      | Found a glowing drain.
  3012 | Sewer    | Entered a sewer
  3186 | Sewer    | Noticed Purgy
  3193 | Sewer    | Killed Purgy
  3194 | Sewer    | Reached skill level 8 in Stealth
  3194 | Sewer    | Reached XP level 5. HP: 26/26 MP: 6/6
  3495 | D:3      | Killed Terence
  3496 | D:3      | Reached XP level 6. HP: 30/30 MP: 7/7
  3669 | D:3      | Noticed Jessica
  3703 | D:3      | Killed Jessica
  4046 | D:3      | Reached skill level 9 in Stealth
  4507 | D:4      | Found a staircase to the Ecumenical Temple.
  4516 | Temple   | Entered the Ecumenical Temple
  4583 | Temple   | Became a worshipper of Dithmenos the Shadowed
  4781 | D:4      | Reached skill level 5 in Short Blades
  4921 | D:4      | Found a glowing golden altar of the Shining One.
  5118 | D:4      | Reached XP level 7. HP: 27/35 MP: 8/8
  5198 | D:4      | Found a large runed translucent door.
  5200 | D:4      | Noticed Morbidden's ghost (amateur DrCj)
  5202 | D:4      | Found a large runed translucent door.
  5226 | D:4      | Killed from afar by Morbidden's ghost

Illustrated notes

Levels and vault maps discovered:
D:1:      lightli_arrival_statue_moat, layout_basic, minmay_misc_feat_tower
D:2:      layout_basic, lemuel_zombie_altar_kikubaaqudgha, grunt_ministairs_15
D:3:      layout_basic, lemuel_round_altar, hellmonk_ghost_happy_afterlife,
          gup_sewer_entry_pipe, minmay_pentangle, uniq_jessica, uniq_terence
D:4:      layout_loops_cross, nicolae_tso_carved_into_rock,
          minmay_temple_entry_butterflies, ebering_ghost_disaster_area
Temple:   zaba_magenta_temple

Skill      XL: |  1  2  3  4  5  6 |
---------------+-------------------+-----
Stealth        | 6 7 8 9 |  9.5
Short Blades   | 3 4 5 |  5.2
Fighting       | 2 |  2.4
Dodging        | 2 3 |  3.9
Throwing       | |  2.2

Action                   |  1- 3 |  4- 6 |  7- 9 || total
-------------------------+-------+-------+-------++-------
Melee: Dagger            |    98 |   267 |    15 ||   380
 Stab: Sleeping          |    17 |    19 |       ||    36
       Distracted        |       |     2 |       ||     2
Armor: Robe              |     8 |    30 |     2 ||    40
Dodge: Dodged            |    55 |   155 |     3 ||   213

Table legend: (Time is in decaauts)
 A = Elapsed time spent in this place.
 B = Non-inter-level travel time spent in this place.
 C = Inter-level travel time spent in this place.
 D = Time resting spent in this place.
 E = Time spent auto-exploring this place.
 F = Levels seen in this place.
 G = Mean time per level.
                   A        B        C        D        E       F      G
               +--------+--------+--------+--------+--------+-----+--------+
         Total |   3697 |   3646 |     51 |    563 |   1586 |   6 |  616.2 |
       Dungeon |   3425 |   3374 |     51 |    467 |   1586 |   4 |  856.2 |
        Temple |     53 |     53 |      0 |      0 |      0 |   1 |   53.0 |
         Sewer |    219 |    219 |      0 |     96 |      0 |   1 |  219.0 |
               +--------+--------+--------+--------+--------+-----+--------+

Top non-repeatable levels by time:
     D:3: 1024 daAuts
     D:2: 1011 daAuts
     D:1: 865 daAuts
     D:4: 524 daAuts
   Sewer: 219 daAuts
  Temple: 53 daAuts
